 Dungeon Crawl Stone Soup version 0.26.0-10-g1f06aea511 (webtiles) character file.

Game seed: 12930881358992195099

215 MisterFreud the Digger (level 5, -1/34 HPs)
             Began as an Octopode Earth Elementalist on Jan 16, 2021.
             Slain by Crazy Yiuf
             ... wielding a +3 quarterstaff of chaos
              (8 damage)
             ... on level 2 of the Dungeon.
             The game lasted 00:03:21 (4569 turns).

MisterFreud the Digger (OpEE)                       Turns: 4569, Time: 00:03:21

Health: -1/34      AC:  1    Str:  7    XL:     5   Next: 92%
Magic:  7/8        EV: 13    Int: 19    God:
Gold:   206        SH:  0    Dex: 12    Spells: 7/8 levels left

rFire    . . .     SeeInvis .   o - +2 short sword (freeze)
rCold    . . .     Faith    .   (no shield)
rNeg     . . .     Spirit   .   (helmet restricted)
rPois    .         Reflect  .   (no amulet)
rElec    .         Harm     .   (no ring)
rCorr    .         Rampage  .   (no ring)
Will     .....                  (no ring)
Stlth    +++.......             (no ring)
HPRegen  0.11/turn              (no ring)
MPRegen  0.11/turn              (no ring)
                                (no ring)
                                (no ring)

@: no status effects
A: almost no armour, stealthy swim, amphibious, 8 rings, constrict 8, camouflage
1, gelatinous body 1
a: no special abilities


You were on level 2 of the Dungeon.
You visited 1 branch of the dungeon, and saw 3 of its levels.

You collected 206 gold pieces.

Inventory:

Hand Weapons
 d - a +0 hand axe
 e - a +0 dagger
 o - a +2 short sword of freezing (weapon)
Missiles
 b - 163 stones
 r - 8 poisoned darts
Jewellery
 c - an uncursed ring of fire {unknown}
Wands
 t - a wand of acid (7)
 u - a wand of paralysis (7)
Scrolls
 a - 2 scrolls of remove curse {unknown}
 f - 2 scrolls of amnesia {unknown}
 j - a scroll of enchant armour {unknown}
 m - 3 scrolls of identify {unknown}
 p - a scroll of enchant weapon {unknown}
 s - a scroll of fog {unknown}
Potions
 g - a potion of lignification {unknown}
 h - 3 potions of curing {unknown}
 i - a potion of invisibility {unknown}
 k - 3 potions of degeneration {unknown}
 l - a potion of ambrosia {unknown}
 n - a potion of berserk rage {unknown}
 q - a potion of flight {unknown}


   Skills:
 + Level 2.0 Fighting
 - Level 2.0 Dodging
 - Level 2.6 Stealth
 - Level 2.0 Spellcasting
 - Level 1.0 Transmutations
 - Level 6.0 Earth Magic


You had 7 spell levels left.
You knew the following spells:

 Your Spells              Type           Power        Failure   Level
a - Sandblast             Erth           48%          1%          1

Your spell library contained the following spells:

 Spells                   Type           Power        Failure   Level
 Passwall                 Tmut/Erth      12%          6%          2
 Stone Arrow              Conj/Erth      26%          14%         3
 Petrify                  Tmut/Erth      15%          36%         4
 Lee's Rapid Deconstruct  Erth           12%          36%         5


Dungeon Overview and Level Annotations

Branches:
Dungeon (3/15)

Altars:
Nemelex Xobeh
Sif Muna
Wu Jian
Xom

Annotations:
D:2 Crazy Yiuf


Innate Abilities, Weirdness & Mutations

You cannot wear most types of armour.
You are very stealthy in the water. (Stealth+)
You are amphibious.
You can wear up to eight rings at the same time.
You can use your tentacles to constrict eight enemies at once.
Your skin changes colour to match your surroundings (Stealth+).
Your rubbery body absorbs attacks. (AC +1, EV +1)


Message History

You hit Crazy Yiuf. You freeze Crazy Yiuf. You grab Crazy Yiuf.
You squeeze Crazy Yiuf.
Crazy Yiuf is moderately wounded.
You constrict Crazy Yiuf.
Crazy Yiuf hits you with a +3 quarterstaff of chaos!
* * * LOW HITPOINT WARNING * * *
You hit Crazy Yiuf but do no damage.
Crazy Yiuf is heavily wounded.
You constrict Crazy Yiuf. Crazy Yiuf barely misses you.
Casting: Sandblast (safe; 1% risk of failure)
Confirm with . or Enter, or press ? or * to list all spells.
Aiming: Sandblast (safe; 1% risk of failure)
Press: ? - help, Shift-Dir - straight line, f - Crazy Yiuf
Aim: Crazy Yiuf, wielding a +3 quarterstaff of chaos and wearing a +0 cloak (heavily wounded, constricted by you, 0% to evade)
The blast of sand hits Crazy Yiuf.
Crazy Yiuf is severely wounded.
You constrict Crazy Yiuf.
Crazy Yiuf screams, "Mama!"
Crazy Yiuf hits you with a +3 quarterstaff of chaos!
You die...

###.........).............#.#.#
#........###########..##.##.#.#
#.....>..# #..##....#.#
#...###### ##### #)..######.#
#...# #)..# #..........# #...#
#...# #.#..####### #...######
... #......# #...#....# #g#
#...>..# #...#....# ♣@♣♣
#......# #...#....# ♣♣.♣
#......# #........# ♣.♣♣
#......# #.......## ♣♣.♣
#......# ###.....# ♣♣.♣♣
#......# #.....# ♣♣...♣
######## #)....# ♣.♣..♣ #.)...#
#....# #.....######..##


You could see Crazy Yiuf.

Vanquished Creatures
  A howler monkey (D:3)
  An iguana (D:3)
  5 adders
  2 oozes
  A worm (D:3)
  2 dart slugs (D:1)
  4 leopard geckos
  3 orcs (D:3)
  8 bats
  6 giant cockroaches
  10 goblins
  10 hobgoblins
  2 jackals (D:2)
  10 kobolds
  A quokka (D:3)
  2 ball pythons
  7 frilled lizards
  8 rats
83 creatures vanquished.

Notes
Turn   | Place    | Note
-------+----------+-------------------------------------------
     0 | D:1      | MisterFreud the Octopode Earth Elementalist began the quest
                  | for the Orb.
     0 | D:1      | Reached XP level 1. HP: 11/11 MP: 3/3
   372 | D:1      | Reached XP level 2. HP: 17/17 MP: 5/5
   625 | D:1      | Reached skill level 4 in Earth Magic
  1080 | D:1      | Reached XP level 3. HP: 12/21 MP: 6/6
  1880 | D:2      | Reached XP level 4. HP: 13/27 MP: 7/7
  2234 | D:2      | Found a runed translucent door.
  2235 | D:2      | Noticed Crazy Yiuf
  2704 | D:3      | Reached skill level 5 in Earth Magic
  2826 | D:3      | Found a shimmering altar of Xom.
  2826 | D:3      | Found a shimmering blue altar of Sif Muna.
  2831 | D:3      | Found a faded altar of an unknown god.
  2833 | D:3      | Found an ornate altar of the Wu Jian Council.
  2834 | D:3      | Found a faded altar of an unknown god.
  2862 | D:3      | Found a sparkling altar of Nemelex Xobeh.
  3060 | D:3      | Reached XP level 5. HP: 2/31 MP: 4/8
  3689 | D:3      | Reached skill level 6 in Earth Magic
  3774 | D:3      | Reached skill level 1 in Fighting
  4569 | D:2      | Slain by Crazy Yiuf

Illustrated notes

Levels and vault maps discovered:
D:1:      tarquinn_simple_flora_water_f, layout_loops_ring
D:2:      layout_basic, uniq_crazy_yiuf_cottage
D:3:      layout_loops_cross, nemelex_xobeh_ov_fountains_minmay,
          chequers_temple_overflow_minitemple

Skill      XL: |  1  2  3  4  5 |
---------------+----------------+-----
Earth Magic    | 4 5 6 |  6.0
Fighting       | 2 |  2.0
Dodging        | |  2.0
Stealth        | |  2.6
Spellcasting   | |  2.0
Transmutations | |  1.0

Action                   |  1- 3 |  4- 6 || total
-------------------------+-------+-------++-------
Melee: Hand axe          |    72 |    63 ||   135
       Unarmed           |     6 |       ||     6
       Constrict         |    24 |    25 ||    49
       Tentacles         |    11 |    14 ||    25
       Short sword       |       |    32 ||    32
 Cast: Sandblast         |     3 |     6 ||     9
 Stab: Sleeping          |    11 |    13 ||    24
Armor: Skin              |     3 |    15 ||    18
Dodge: Dodged            |    47 |    68 ||   115
